 Dungeon Crawl Stone Soup version 0.28.0 (webtiles) character file.

Game seed: 16011868455008359955

40 RascalDebosk the Grave Robber (level 3, -10/25 HPs)
             Began as a Demonspawn Necromancer on Feb 7, 2022.
             Mangled by Eustachio (11 damage)
             ... on level 4 of the Dungeon.
             The game lasted 00:20:45 (1825 turns).

RascalDebosk the Grave Robber (DsNe)                Turns: 1825, Time: 00:20:45

Health: -10/25     AC:  2    Str:  8    XL:     3   Next: 30%
Magic:  2/6        EV: 12    Int: 18    God:
Gold:   28         SH:  0    Dex: 13    Spells: 2/6 levels left

rFire   . . .      SeeInvis .   c - +0 dagger
rCold   . . .      Faith    .   (no shield)
rNeg    . . .      Spirit   .   a - +0 robe
rPois   .          Reflect  .   (helmet restricted)
rElec   .          Harm     .   (no cloak)
rCorr   .          Rampage  .   (no gloves)
Will    .....                   (no boots)
Stlth   ++........              (no amulet)
HPRegen 0.08/turn               (no ring)
MPRegen 0.10/turn               (no ring)

@: attractive
A: antennae 1
a: no special abilities


You were on level 4 of the Dungeon.
You visited 1 branch of the dungeon, and saw 3 of its levels.

You collected 28 gold pieces.

Inventory:

Hand Weapons
 c - a +0 dagger (weapon)
Armour
 a - a +0 robe (worn)
Scrolls
 b - 2 scrolls of identify {unknown}
 d - a scroll of enchant armour {unknown}
Potions
 e - a potion of haste {unknown}
 f - a potion of attraction
 h - a potion of cancellation {unknown}
 i - a potion of magic {unknown}
 j - a potion of curing {unknown}


   Skills:
 + Level 0.5 Fighting
 + Level 0.5 Armour
 + Level 2.0 Dodging
 + Level 2.0 Stealth
 + Level 2.1 Spellcasting
 * Level 4.8 Necromancy
 + Level 1.2 Invocations


You had 2 spell levels left.
You knew the following spells:

 Your Spells              Type           Power      Damage    Failure   Level
a - Pain                  Necr           76%        1d7       2%          1
b - Vampiric Draining     Necr           19%        2d7       7%          3

Your spell library contained the following spells:

 Spells                   Type           Power      Damage    Failure   Level
 Animate Skeleton         Necr           38%        N/A       2%          1
 Animate Dead             Necr           9%         N/A       24%         4
 Agony                    Necr           19%        N/A       54%         5


Dungeon Overview and Level Annotations

Branches:
Dungeon (2/15)

Altars:

Annotations:
D:4 Eustachio


Innate Abilities, Weirdness & Mutations

You have a pair of small antennae on your head.


Message History

The iron imp is attracted toward you.
You hit the iron imp.
The iron imp is lightly wounded.
The iron imp disappears in a puff of smoke!
Eustachio gestures wildly while chanting.
Eustachio blinks!
The iron imp closely misses you. Eustachio is attracted toward you.
The white imp is attracted toward you.
You hit the iron imp but do no damage.
The iron imp is lightly wounded.
The white imp disappears in a puff of smoke!
Eustachio casts a spell.
The iron imp hits you.
You hit the iron imp but do no damage.
The iron imp is lightly wounded.
The iron imp disappears in a puff of smoke!
The crimson imp hits you but does no damage.
You hit Eustachio.
Eustachio is heavily wounded.
Eustachio hits you with a +0 rapier. The crimson imp barely misses you.
You hit Eustachio but do no damage.
Eustachio is heavily wounded.
Eustachio barely misses you. The crimson imp barely misses you.
You hit Eustachio.
Eustachio is severely wounded.
Eustachio hits you with a +0 rapier! The crimson imp barely misses you.
Aiming: Pain (safe; 2% risk of failure)
Press: ? - help, Q - select action Shift-Dir - straight line, f/p - Eustachio
Aim: Eustachio, wielding a +0 rapier and wearing a +0 leather armour (severely wounded, chance to affect: 78%) Eustachio barely resists.
Eustachio hits you with a +0 rapier!
* * * LOW HITPOINT WARNING * * *
The crimson imp hits you.
* * * LOW HITPOINT WARNING * * *
Casting: Pain (safe; 2% risk of failure)
Confirm with . or Enter, or press ? or * to list all spells.
You don't know that spell.
You barely miss Eustachio.
Eustachio is severely wounded.
Eustachio hits you with a +0 rapier!
You die...

#@# # #.#
#######.#..#
#.###..).......
#@.5..#.....#.
#######.###....
#5# #.#.#
#5###.##
#@##...##
#5@..รท..#
####....#
##.#.# ########
#.#.# #.......
#.#.####.######
#..............
###...........#
######.####..
#.# ###


You could see Eustachio, a quasit (summoned), a crimson imp (summoned) and an
ufetubus (summoned).

Vanquished Creatures
  An adder (D:4)
  3 dart slugs (D:1)
  3 giant cockroaches (D:1)
  3 goblins (D:1)
  3 hobgoblins
  2 kobolds (D:1)
  A quokka (D:1)
  2 ball pythons (D:1)
  3 bats (D:1)
  2 frilled lizards (D:1)
  A rat (D:1)
24 creatures vanquished.

Vanquished Creatures (others)
  3 plants (D:1)
3 creatures vanquished.

Grand Total: 27 creatures vanquished

Notes
Turn   | Place    | Note
-------+----------+-------------------------------------------
     0 | D:1      | RascalDebosk the Demonspawn Necromancer began the quest for
                  | the Orb.
     0 | D:1      | Reached XP level 1. HP: 13/13 MP: 3/3
   311 | D:1      | Gained mutation: You have a pair of small antennae on your
                  | head. [demonic ancestry]
   311 | D:1      | Reached XP level 2. HP: 15/19 MP: 1/5
   583 | D:1      | Reached skill level 1 in Invocations
  1140 | D:1      | Reached XP level 3. HP: 18/25 MP: 1/6
  1306 | D:1      | Learned a level 3 spell: Vampiric Draining
  1457 | D:2      | You fall into a shaft and drop 2 floors!
  1789 | D:4      | Noticed Eustachio
  1824 | D:4      | HP: 1/25 [crimson imp[Eustachio] (1)]
  1825 | D:4      | Mangled by Eustachio

Illustrated notes

Levels and vault maps discovered:
D:1:      dpeg_arrival_water_temple_mockup, layout_basic,
          hangedman_decor_riveting, serial_bayou_crossing
D:2:      layout_loops_ring, basic_altar, uniq_crazy_yiuf_cottage, uniq_robin
D:4:      kennysheep_six_static_rooms, layout_loops_ring,
          minmay_temple_entry_nine_rooms, uniq_natasha, uniq_eustachio

Skill      XL: |  1  2 |
---------------+-------+-----
Invocations    | 1 |  1.2
Stealth        | 2 |  2.0
Dodging        | 2 |  2.0
Fighting       | |  0.5
Armour         | |  0.5
Spellcasting   | |  2.1
Necromancy     | |  4.8

Action                   || total
-------------------------++-------
Melee: Dagger            ||    43
 Cast: Pain              ||    45
  Use: Potion            ||     2
Armor: Robe              ||     9
Dodge: Dodged            ||    36
